 Dungeon Crawl Stone Soup version 0.27-a0-249-g74f53ef629 (webtiles) character file.

Game seed: 8088033365457876022

513 siradein the Slasher (level 7, -1/51 HPs)
             Began as a Vampire Fighter on Feb 4, 2021.
             Killed by divine providence
             ... invoked by an orc priest
              (7 damage)
             ... on level 6 of the Dungeon.
             The game lasted 00:17:20 (3980 turns).

siradein the Slasher (Vampire Fighter)              Turns: 3980, Time: 00:17:21

Health: -1/51      AC:  5    Str: 15    XL:     7   Next: 0%
Magic:  7/7        EV: 11    Int: 11    God:
Gold:   273        SH:  0    Dex: 15    Spells: 6/6 levels left

rFire    + . .     SeeInvis +   a - +0 long sword
rCold    . . .     Faith    .   (no shield)
rNeg     . . .     Spirit   .   j - +0 leather armour
rPois    .         Reflect  .   (no helmet)
rElec    .         Harm     .   v - +0 cloak
rCorr    .         Rampage  .   (no gloves)
Will     .....                  p - +0 pair of boots
Stlth    ++........             (no amulet)
HPRegen  0.37/turn              l - ring of stealth
MPRegen  0.10/turn              z - ring of protection from fire

@: confused, mighty, regenerating quickly
A: fangs 3, see invisible, unbreathing
a: Exsanguinate


You were on level 6 of the Dungeon.
You visited 1 branch of the dungeon, and saw 6 of its levels.

You collected 273 gold pieces.

Inventory:

Hand Weapons
 a - a +0 long sword (weapon)
Armour
 c - a +0 kite shield
 j - a +0 leather armour (worn)
 p - a +0 pair of boots (worn)
 v - a +0 cloak (worn)
Jewellery
 l - a ring of stealth (left hand)
 z - a ring of protection from fire (right hand)
Wands
 s - a wand of charming (8)
 u - a wand of paralysis (8)
Scrolls
 e - 3 scrolls of identify
 f - 2 scrolls of magic mapping
 g - 2 scrolls of teleportation
 h - a scroll of remove curse
 m - a scroll of fog {unknown}
 o - a scroll of enchant weapon {unknown}
 r - 2 scrolls of amnesia {unknown}
 w - a scroll of blinking {unknown}
 y - a scroll of immolation {unknown}
Potions
 b - a potion of berserk rage {unknown}
 d - a potion of might
 i - 2 potions of heal wounds {unknown}
 k - 2 potions of haste {unknown}
 n - a potion of flight {unknown}
 q - a potion of brilliance {unknown}
 t - a potion of cancellation {unknown}
 x - a potion of mutation {unknown}


   Skills:
 - Level 2.6 Fighting
 + Level 7.6 Long Blades
 - Level 2.4 Armour
 - Level 2.6 Shields


You had 6 spell levels left.
You didn't know any spells.
Your spell library was empty.

Dungeon Overview and Level Annotations

Branches:
Dungeon (6/15)
 Temple: D:4-7

Altars:
Makhleb
Nemelex Xobeh
Trog
Vehumet

Shops:
D:6 ?


Innate Abilities, Weirdness & Mutations

Your natural rate of healing is unusually fast.
You have razor-sharp teeth.
You have supernaturally acute eyesight. (SInv)
You can survive without breathing.


Message History

You barely miss the orc wizard. You bite the orc wizard!
The orc wizard is almost dead.
You bump into the rock wall.
The orc wizard gestures at you while chanting.
The puff of flame hits you. You resist.
You barely miss the orc priest. The orc priest barely misses you.
The orc wizard hits you with a +0 dagger.
You bump into the rock wall.
The orc priest hits you with a +0 flail.
* * * LOW HITPOINT WARNING * * *
The orc wizard hits you with a +0 dagger.
* * * LOW HITPOINT WARNING * * *
You bump into the rock wall.
The orc priest hits you with a +0 flail.
* * * LOW HITPOINT WARNING * * *
The orc wizard barely misses you.
You bump into the rock wall.
The orc priest calls down the wrath of Beogh upon you.
Beogh smites you!
You die...

.. ..# B. #.#
#. ############
#<## #..
#..†.......#
#..#
#.##..........#
##.#
#..#.(o.......#
#.#
#..Bo...B..>..#
#.#
#.#.####o.#####
#.# # #.##.@oo#
#.# #....##.#
#.# #...###.#
#.# ##....#.#
#.# #....##...#
#.#
#.#######.##
#.# .. #..##
#.# .. #...##
#.# . #.#..##
####.##


You could see a worker ant, an orc priest and 2 orc wizards.

Vanquished Creatures
  A black bear (D:6)
  A necrophage (D:5)
  A howler monkey (D:5)
  2 orc priests (D:6)
  A hound (D:4)
  An orc wizard (D:3)
  4 adders
  A gnoll (D:1)
  A shadow imp (D:3)
  A white imp (D:5)
  An ufetubus (D:5)
  An adder zombie (D:5)
  An adder skeleton (D:5)
  4 worms
  A dart slug (D:1)
  A leopard gecko (D:5)
  8 orcs
  7 bats
  7 giant cockroaches
  12 goblins
  8 hobgoblins
  13 jackals
  A quokka (D:2)
  A ball python (D:4)
  A ball python skeleton (D:5)
  5 frilled lizards
  4 kobolds
  5 rats
95 creatures vanquished.

Notes
Turn   | Place    | Note
-------+----------+-------------------------------------------
     0 | D:1      | siradein the Vampire Fighter began the quest for the Orb.
     0 | D:1      | Reached XP level 1. HP: 17/17 MP: 1/1
   153 | D:1      | Reached XP level 2. HP: 23/23 MP: 2/2
   434 | D:1      | Reached skill level 3 in Long Blades
   917 | D:1      | Reached XP level 3. HP: 21/28 MP: 3/3
  1068 | D:2      | Reached skill level 4 in Long Blades
  1339 | D:2      | Reached XP level 4. HP: 34/34 MP: 4/4
  1538 | D:2      | Found a radiant altar of Vehumet.
  2143 | D:3      | Reached skill level 5 in Long Blades
  2147 | D:3      | Reached XP level 5. HP: 30/39 MP: 5/5
  2402 | D:3      | Found a bloodstained altar of Trog.
  2914 | D:4      | Found a burning altar of Makhleb.
  3018 | D:5      | Entered Level 5 of the Dungeon
  3066 | D:5      | Reached skill level 6 in Long Blades
  3086 | D:5      | Reached XP level 6. HP: 12/46 MP: 6/6
  3195 | D:5      | Found a sparkling altar of Nemelex Xobeh.
  3822 | D:6      | Found Gej Qaimi's Magic Scroll Shoppe.
  3845 | D:6      | Reached skill level 7 in Long Blades
  3975 | D:6      | Reached XP level 7. HP: 20/51 MP: 7/7
  3980 | D:6      | Killed from afar by an orc priest

Illustrated notes

Levels and vault maps discovered:
D:1:      dpeg_arrival_connections, layout_loops_corners, minmay_close_crescents
D:2:      layout_loops_ring, vehumet_crystals
D:3:      layout_loops_ring, lightli_temple_of_fire
D:4:      layout_gridville, nicolae_overflow_hidden_temple,
          general_overflow_altar
D:5:      layout_cave_pools, nemelex_xobeh_ov_fountains_minmay,
          grunt_decor_mini_mirrors
D:6:      layout_rooms, nicolae_overflow_quartered_altars,
          minmay_temple_entry_large_hall, serial_shops, shop, shop_fountains,
          nicolae_shop_crystal, nicolae_good_shop

Skill      XL: |  1  2  3  4  5  6 |
---------------+-------------------+-----
Long Blades    | 3 4 5 6 7 |  7.6
Fighting       | |  2.6
Armour         | |  2.4
Shields        | |  2.6

Action                   |  1- 3 |  4- 6 |  7- 9 || total
-------------------------+-------+-------+-------++-------
Melee: Long sword        |   104 |   146 |     2 ||   252
       Bite              |    14 |    16 |     1 ||    31
  Use: Scroll            |       |     3 |       ||     3
       Potion            |       |     1 |       ||     1
 Stab: Sleeping          |     3 |     8 |       ||    11
Armor: Scale mail        |     7 |       |       ||     7
       Leather armour    |    29 |    35 |       ||    64
Dodge: Dodged            |    54 |    76 |     2 ||   132
       Rpst.: Long sword |    16 |    24 |       ||    40

Table legend: (Time is in decaauts)
 A = Elapsed time spent in this place.
 B = Non-inter-level travel time spent in this place.
 C = Inter-level travel time spent in this place.
 D = Time resting spent in this place.
 E = Time spent auto-exploring this place.
 F = Levels seen in this place.
 G = Mean time per level.
                   A        B        C        D        E       F      G
               +--------+--------+--------+--------+--------+-----+--------+
         Total |   4018 |   3914 |    104 |      0 |   3090 |   6 |  669.7 |
       Dungeon |   4018 |   3914 |    104 |      0 |   3090 |   6 |  669.7 |
               +--------+--------+--------+--------+--------+-----+--------+

Top non-repeatable levels by time:
     D:1: 992 daAuts
     D:2: 788 daAuts
     D:3: 737 daAuts
     D:5: 709 daAuts
     D:4: 616 daAuts
     D:6: 174 daAuts
